 Dungeon Crawl Stone Soup version 0.18-a0-1763-g7aac3cf (webtiles) character file.

234 Geeful the Chiller (level 6, -4/36 HPs)
             Began as an Octopode Ice Elementalist on Apr 13, 2016.
             Slain by an orc
             ... wielding a +0 whip
              (5 damage)
             ... on level 3 of the Dungeon.
             The game lasted 00:16:17 (4648 turns).

Geeful the Chiller (Octopode Ice Elementalist)      Turns: 4648, Time: 00:16:18

Health: -4/36      AC:  1    Str:  4 (7)  XL:     6   Next: 5%
Magic:  11/11      EV: 13    Int: 18 (19) God:
Gold:   158        SH:  0    Dex: 11 (13) Spells: 3 memorised, 4 levels left

rFire  . . .     SeeInvis .     q - +0 war axe
rCold  + . .     Gourm    .     (no shield)
rNeg   . . .     Faith    .     (helmet restricted)
rPois  .         Spirit   .     (no amulet)
rElec  .         Dismiss  .     s - ring of protection from cold
rCorr  +         Reflect  .     t - ring of resist corrosion
SustAt .         Harm     .     w - ring of wizardry
MR     .....                    (no ring)
Stlth  +++.......               (no ring)
                                (no ring)
                                (no ring)
                                (no ring)

@: not resistant to hostile enchantments, fairly stealthy
A: almost no armour, amphibious, 8 rings, constrict 8, camouflage 1, gelatinous
body 1
a: no special abilities


You were on level 3 of the Dungeon.
You were not hungry.

You visited 1 branch of the dungeon, and saw 3 of its levels.

You collected 158 gold pieces.

Inventory:

Hand Weapons
 j - a +0 dagger
 q - a +0 war axe (weapon)
Missiles
 e - 38 stones (quivered)
 o - 40 poisoned needles
Jewellery
 s - a ring of protection from cold (left tentacle)
 t - a ring of resist corrosion (right tentacle)
 w - a ring of wizardry (on tentacle)
Wands
 p - a wand of disintegration (8/24)
Scrolls
 c - a scroll of amnesia {unknown}
 i - a scroll of recharging
 r - 2 scrolls of remove curse {unknown}
 u - a scroll of enchant armour {unknown}
 v - a scroll of fog {unknown}
Potions
 d - a potion of agility {unknown}
 f - a potion of degeneration
 g - a potion of mutation {unknown}
 m - a potion of beneficial mutation {unknown}
 n - a potion of curing
Books
 a - a book of Frost

   Spells                             Type                      Level
   a - Freeze                         Ice                          1
   b - Throw Frost                    Conjuration/Ice              2
   c - Ozocubu's Armour               Charms/Ice                   3
   d - Throw Icicle                   Conjuration/Ice              4
   e - Summon Ice Beast               Ice/Summoning                4
Comestibles
 b - 3 bread rations
 h - 4 beef jerkies
 k - 3 fruits
 l - a slice of pizza
 x - 7 chunks of flesh


   Skills:
 + Level 3.4 Dodging
 - Level 2.6 Stealth
 + Level 3.5 Spellcasting
   Level 1.0 Conjurations
 * Level 4.8 Ice Magic


You had 4 spell levels left.
You knew the following spells:

 Your Spells              Type           Power        Failure   Level  Hunger
a - Freeze                Ice            ###.         1%          1    None
b - Ozocubu's Armour      Chrm/Ice       ##......     9%          3    ###....
c - Summon Ice Beast      Ice/Summ       ##......     34%         4    ####...


Dungeon Overview and Level Annotations

Branches:
Dungeon (3/15)

Altars:
Gozag
The Shining One


Innate Abilities, Weirdness & Mutations

You cannot wear most types of armour.
You are amphibious.
You can wear up to eight rings at the same time.
You can use your tentacles to constrict eight enemies at once.
Your skin changes colour to match your surroundings (Stealth).
Your rubbery body absorbs attacks (AC +1).


Message History

You closely miss the jackal.
The jackal is lightly wounded.
You constrict the giant cockroach. The jackal misses you.
The jackal closely misses you. The giant cockroach closely misses you.
The jackal bites you. x2; The giant cockroach bites you.
You hit the giant cockroach.
You kill the giant cockroach!
You hit the jackal.
You kill the jackal!
You hit the jackal.
You kill the jackal!
The orc priest mumbles some strange prayers to Beogh against you.
Pain shoots through your body!
* * * LOW HITPOINT WARNING * * *
You closely miss the orc priest. You grab the orc priest.
You squeeze the orc priest, but do no damage.
You closely miss the orc. You barely miss the orc.
You constrict the orc priest, but do no damage.
The orc closely misses you. The orc hits you with a whip.
You die...

#####.######.##..........)..#
#####.# #.......##########
...##.## ######.## ##....)#
#...# #####..#### #...#
.......)..# #...# ###.##(##.#
#...# ...>##.##.# #...#####
##..##....######@†......
##..####.......ooo......
.#..####................
.#......................
...)...###.#####...####.
...###.# #.# #.... ####
#.###.# #...## . # #....##
#...# ##. # #.#### #..


You could see an orc priest and 2 orcs.

Vanquished Creatures
  Ijyb (D:2)
  5 gnolls
  5 adders
  An ooze (D:2)
  2 worms (D:3)
  A dart slug (D:1)
  4 giant geckos
  7 orcs
  5 bats
  6 giant cockroaches
  12 goblins
  15 hobgoblins
  8 jackals (D:3)
  4 kobolds
  A ball python (D:3)
  4 giant newts
  10 rats
91 creatures vanquished.

Notes
Turn   | Place    | Note
--------------------------------------------------------------
     0 | D:1      | Geeful the Octopode Ice Elementalist began the quest for the Orb.
     0 | D:1      | Reached XP level 1. HP: 11/11 MP: 3/3
   255 | D:1      | Reached XP level 2. HP: 17/17 MP: 3/5
   784 | D:1      | Reached XP level 3. HP: 11/21 MP: 4/6
  1779 | D:2      | Noticed Ijyb
  1789 | D:2      | Killed Ijyb
  1789 | D:2      | Reached skill level 4 in Ice Magic
  1789 | D:2      | Reached XP level 4. HP: 24/27 MP: 5/8
  1934 | D:2      | Learned a level 3 spell: Ozocubu's Armour
  2085 | D:2      | Found an opulent altar of Gozag.
  2387 | D:2      | Reached XP level 5. HP: 31/31 MP: 9/9
  4406 | D:3      | Found a glowing golden altar of the Shining One.
  4434 | D:3      | Learned a level 4 spell: Summon Ice Beast
  4535 | D:3      | Reached XP level 6. HP: 31/36 MP: 11/11
  4647 | D:3      | HP: 1/36 [orc priest/nerve-wracking pain (13)]
  4648 | D:3      | Slain by an orc

Vault maps used:
D:1:      lemuel_arrival_funnel
D:2:      kennysheep_the_goblin_king, grunt_gozag_breadcrumbs
D:3:      overflow_temple_1_default, first_bread, uniq_iyjb

Skill      XL: |  1  2  3  4 |
---------------+-------------+-----
Dodging        | 3 |  3.4
Ice Magic      | 4 |  4.8
Spellcasting   | 3 |  3.5
Stealth        | |  2.6
Conjurations   | |  1.0

Action                   |  1- 3 |  4- 6 || total
-------------------------+-------+-------++-------
Melee: Unarmed           |    15 |       ||    15
       Constrict         |    20 |    36 ||    56
       Tentacles         |    14 |    22 ||    36
       Dagger            |    43 |       ||    43
       War axe           |    10 |   150 ||   160
Throw: Stone             |     5 |    10 ||    15
 Cast: Freeze            |    16 |     8 ||    24
       Ozocubu's Armour  |       |     7 ||     7
Evoke: Club              |       |     1 ||     1
  Use: Scroll            |     2 |     1 ||     3
       Potion            |       |     2 ||     2
 Stab: Sleeping          |     9 |     9 ||    18
  Eat: Chunk             |     3 |    10 ||    13
Armor: Skin              |    10 |    12 ||    22
Dodge: Dodged            |    38 |   146 ||   184
